 Dungeon Crawl Stone Soup version 0.27.1-4-g1640c2035a (webtiles) character file.

Game seed: 7554276105612130443

1115 MisterFreud the Protected (level 8, -5/63 HPs)
             Began as a Gnoll Wanderer on Nov 10, 2021.
             Was a Priest of Nemelex Xobeh.
             Killed by divine providence
             ... invoked by an orc priest
              (11 damage)
             ... on level 6 of the Dungeon.
             The game lasted 00:06:51 (4429 turns).

MisterFreud the Protected (Gnoll Wanderer)          Turns: 4429, Time: 00:06:52

Health: -5/63      AC: 27    Str: 12    XL:     8   Next: 34%
Magic:  12/12      EV:  0    Int: 14    God:    Nemelex Xobeh [***...]
Gold:   262        SH:  0    Dex: 11    Spells: 13/13 levels left

rFire    . . .     SeeInvis .   y - +2 hand axe (elec)
rCold    . . .     Faith    .   (no shield)
rNeg     . . .     Spirit   .   k - +5 crystal plate armour of Exzal {rCorr}
rPois    .         Reflect  .   A - +0 helmet
rElec    .         Harm     .   (no cloak)
rCorr    +         Rampage  .   (no gloves)
Will     .....                  h - +0 pair of boots
Stlth    ..........             (no amulet)
HPRegen  0.20/turn              f - ring of resist corrosion
MPRegen  0.13/turn              g - ring of flight

@: about to teleport, flying
A: fangs 1, strong nose, distributed training
a: Renounce Religion, Draw Escape, Draw Destruction, Draw Summoning, Triple Draw


You were on level 6 of the Dungeon.
You worshipped Nemelex Xobeh.
Nemelex Xobeh was most pleased with you.
You visited 1 branch of the dungeon, and saw 6 of its levels.

You collected 402 gold pieces.
You spent 140 gold pieces at shops.

Inventory:

Hand Weapons
 a - a +0 short sword
 d - a +0 dagger
 e - a +0 vorpal short sword
 y - a +2 hand axe of electrocution (weapon)
Missiles
 c - 26 poisoned darts (quivered)
Armour
 b - a +3 scale mail
 h - a +0 pair of boots (worn)
 k - the +5 crystal plate armour of Exzal (worn) {rCorr}
   (You acquired it on level 6 of the Dungeon)

   rCorr:     It protects you from acid and corrosion.
 A - a +0 helmet (worn)
Jewellery
 f - a ring of resist corrosion (left hand)
 g - a ring of flight (right hand)
 C - the ring of the Fool {rF- MP+9 Int+2 Dex+9}
   (You found it on level 5 of the Dungeon)

   [ring of magical power]

   Int:       It affects your intelligence (+2).
   Dex:       It affects your dexterity (+9).
   rF:        It makes you vulnerable to fire.
   MP:        It affects your magic capacity (+9).
Wands
 m - a wand of mindburst (23)
 u - a wand of flame (17)
Scrolls
 i - 3 scrolls of teleportation
 j - 2 scrolls of brand weapon
 l - a scroll of amnesia
 q - a scroll of enchant armour
 w - a scroll of noise {unknown}
 z - a scroll of fog {unknown}
 B - a scroll of magic mapping {unknown}
Potions
 o - a potion of brilliance {unknown}
 s - a potion of haste
 t - 4 potions of curing {unknown}
 x - 3 potions of ambrosia
 D - a potion of lignification


   Skills:
 + Level 5.6 Fighting
 + Level 5.6 Short Blades
 + Level 3.2 Long Blades
 + Level 3.2 Axes
 + Level 3.2 Maces & Flails
 + Level 3.2 Polearms
 + Level 3.2 Staves
 + Level 3.2 Slings
 + Level 3.2 Bows
 + Level 3.2 Crossbows
 + Level 4.1 Throwing
 + Level 9.1 Armour
 + Level 3.2 Dodging
 + Level 3.2 Stealth
 + Level 4.1 Shields
 + Level 3.2 Unarmed Combat
 + Level 3.2 Spellcasting
 + Level 2.6 Conjurations
 + Level 2.6 Hexes
 + Level 2.6 Summonings
 + Level 2.6 Necromancy
 + Level 2.6 Translocations
 + Level 2.6 Transmutations
 + Level 2.6 Fire Magic
 + Level 2.6 Ice Magic
 + Level 2.6 Air Magic
 + Level 2.6 Earth Magic
 + Level 2.6 Poison Magic
 + Level 3.5 Invocations
 + Level 3.2 Evocations


You had 13 spell levels left.
You didn't know any spells.
Your spell library contained the following spells:

 Spells                   Type           Power      Damage    Failure   Level
 Blink                    Tloc           N/A        N/A       100%        2
 Call Canine Familiar     Summ           9%         N/A       100%        3
 Lesser Beckoning         Tloc           4%         N/A       100%        3
 Portal Projectile        Hex/Tloc       18%        N/A       100%        3
 Stone Arrow              Conj/Erth      18%        3d8       100%        3
 Animate Armour           Summ/Erth      18%        N/A       100%        4
 Leda's Liquefaction      Hex/Erth       4%         N/A       100%        4
 Manifold Assault         Tloc           9%         N/A       100%        5
 Lehudib's Crystal Spear  Conj/Erth      4%         10d3      100%        8


Dungeon Overview and Level Annotations

Branches:
Dungeon (6/15)             Temple (0/1) D:5

Altars:
Nemelex Xobeh
Vehumet

Shops:
D:3 =   D:5 *[!=


Innate Abilities, Weirdness & Mutations

You have very sharp teeth.
Your uncanny sense of smell can sniff out nearby items.
Your experience applies equally to all skills.


Message History

The orc warrior hits you with a +0 hand axe.
* * * LOW HITPOINT WARNING * * *
Something hits you but does no damage.
Unknown command.
Unknown command.
You feel much better.
The orc warrior hits you but does no damage. x2
A sky beast appears from thin air!
Reactivating autopickup.
The sky beast hits you but does no damage.
Unknown command.
Unknown command.
Unknown command.
As you read the scroll of teleportation, it crumbles to dust.
You feel strangely unstable.
The orc warrior hits you with a +0 war axe.
* * * LOW HITPOINT WARNING * * *
The orc warrior hits you but does no damage.
The sky beast hits you but does no damage.
Unknown command.
Unknown command.
You closely miss the orc warrior.
The orc warrior is almost dead.
Your crystal plate armour of Exzal prevents you from hitting the sky beast.
You hit the orc warrior but do no damage.
The orc warrior hits you with a +0 war axe!
* * * LOW HITPOINT WARNING * * *
The orc warrior hits you but does no damage.
The sky beast hits you but does no damage.
Unknown command.
Unknown command.
Unknown command.
Unknown command.
Blink to where?
Press: ? - help, Dir - move target
As you read the scroll of blinking, it crumbles to dust.
The orc priest invokes the aid of Beogh against you.
Beogh smites you!
You die...
Your body disappears without a glow.

#.#.........# #.
..#........... #.#
####......###.. ...
#......... ....
#.####........#....#
#......)............
#.......#####.#.....
#...........).....
#.......@.......#
##..............#
#..............#
#.........>....#
#####.......Zo.#
#.......oo.#
#......ooY†#
#........†§#
############


You could see 2 orc warriors, a sky beast, an orc priest, 2 orcs and a howler
monkey zombie.

Vanquished Creatures
  Sigmund (D:2)
  A water moccasin (D:6)
  An ice beast (D:5)
  A centaur (D:6)
  A phantom (D:5)
  A bullfrog (D:6)
  A scorpion (D:4)
  3 hounds
  2 jellies
  3 bullfrog skeletons
  An iguana (D:5)
  5 gnolls (D:6)
  A howler monkey skeleton (D:4)
  8 adders
  A shadow imp (D:5)
  2 ufetubi
  2 worms (D:4)
  2 dart slugs
  3 orcs
  8 ball pythons
  5 endoplasms
  A giant cockroach (D:2)
  5 hobgoblins
  4 jackals (D:1)
  6 quokkas
  7 bats
  10 frilled lizards
  6 goblins
  4 kobolds
  5 rats (D:2)
101 creatures vanquished.

Vanquished Creatures (others)
  8 plants (D:2)
8 creatures vanquished.

Grand Total: 109 creatures vanquished

Notes
Turn   | Place    | Note
-------+----------+-------------------------------------------
     0 | D:1      | MisterFreud the Gnoll Wanderer began the quest for the Orb.
     0 | D:1      | MisterFreud set off with the following items: a +0 short
                  | sword, a +2 scale mail, 12 poisoned darts, a +0 dagger
     0 | D:1      | Reached XP level 1. HP: 20/20 MP: 1/1
   145 | D:1      | Reached XP level 2. HP: 26/26 MP: 2/2
   588 | D:1      | Reached XP level 3. HP: 25/31 MP: 3/3
   738 | D:2      | Found a faded altar of an unknown god.
   807 | D:2      | Became a worshipper of Nemelex Xobeh the Trickster
   807 | D:2      | Reached * piety under Nemelex Xobeh
   807 | D:2      | Received a gift from Nemelex Xobeh
  1032 | D:2      | Reached skill level 1 in Invocations
  1092 | D:2      | Noticed Sigmund
  1102 | D:2      | Reached skill level 1 in Long Blades
  1102 | D:2      | Reached skill level 1 in Axes
  1102 | D:2      | Reached skill level 1 in Maces & Flails
  1102 | D:2      | Reached skill level 1 in Polearms
  1102 | D:2      | Reached skill level 1 in Staves
  1102 | D:2      | Reached skill level 1 in Slings
  1102 | D:2      | Reached skill level 1 in Bows
  1102 | D:2      | Reached skill level 1 in Crossbows
  1102 | D:2      | Reached skill level 1 in Dodging
  1102 | D:2      | Reached skill level 1 in Stealth
  1102 | D:2      | Reached skill level 1 in Unarmed Combat
  1102 | D:2      | Reached skill level 1 in Spellcasting
  1102 | D:2      | Reached skill level 1 in Evocations
  1116 | D:2      | Reached XP level 4. HP: 22/38 MP: 5/5
  1324 | D:2      | Killed Sigmund
  1325 | D:2      | Reached skill level 1 in Conjurations
  1325 | D:2      | Reached skill level 1 in Hexes
  1325 | D:2      | Reached skill level 1 in Summonings
  1325 | D:2      | Reached skill level 1 in Necromancy
  1325 | D:2      | Reached skill level 1 in Translocations
  1325 | D:2      | Reached skill level 1 in Transmutations
  1325 | D:2      | Reached skill level 1 in Fire Magic
  1325 | D:2      | Reached skill level 1 in Ice Magic
  1325 | D:2      | Reached skill level 1 in Air Magic
  1325 | D:2      | Reached skill level 1 in Earth Magic
  1325 | D:2      | Reached skill level 1 in Poison Magic
  1325 | D:2      | Reached XP level 5. HP: 42/43 MP: 5/7
  1325 | D:2      | Reached XP level 6. HP: 49/50 MP: 5/8
  2213 | D:3      | Reached ** piety under Nemelex Xobeh
  2311 | D:3      | Found Xelammihu's Jewellery Shop.
  2643 | D:4      | Found a radiant altar of Vehumet.
  2643 | D:4      | Received a gift from Nemelex Xobeh
  2663 | D:4      | Reached skill level 5 in Fighting
  2663 | D:4      | Reached skill level 5 in Short Blades
  3204 | D:5      | Entered Level 5 of the Dungeon
  3207 | D:5      | Found a staircase to the Ecumenical Temple.
  3232 | D:5      | Reached XP level 7. HP: 56/56 MP: 10/10
  3253 | D:5      | Found Udatauv's Armour Emporium.
  3313 | D:5      | Found Weibriku's Distillery.
  3450 | D:5      | Identified the ring of the Fool {rF- MP+9 Int+2 Dex+9}
  3457 | D:5      | Bought a potion of heal wounds for 50 gold pieces
  3457 | D:5      | Bought a potion of lignification for 30 gold pieces
  3490 | D:5      | Found Rualutab's Jewellery Shoppe.
  3525 | D:5      | Reached skill level 9 in Armour
  3638 | D:5      | Found Verenogetivi's General Store.
  3658 | D:5      | Bought a scroll of teleportation for 36 gold pieces
  3661 | D:5      | Bought a scroll of identify for 24 gold pieces
  3742 | D:5      | Found Hyxuxkuw's Magic Scroll Emporium.
  3977 | D:5      | Received a gift from Nemelex Xobeh
  3979 | D:5      | Reached *** piety under Nemelex Xobeh
  4205 | D:6      | Reached XP level 8. HP: 35/63 MP: 12/12
  4215 | D:6      | Identified a scroll of acquirement
  4215 | D:6      | Acquired the +5 crystal plate armour of Exzal {rCorr}
  4429 | D:6      | Killed from afar by an orc priest

Illustrated notes

Levels and vault maps discovered:
D:1:      nicolae_arrival_memento_mori, layout_rooms
D:2:      minmay_diamond_boxcup, layout_basic,
          hellmonk_ecumenical_altar_inner_sanctum, minmay_lizard_king,
          uniq_sigmund
D:3:      layout_rooms, serial_shops, nicolae_shop_trees, serial_forest,
          infiniplex_forest_side_room, infiniplex_forest_lined_4_way,
          infiniplex_forest_end_1, infiniplex_forest_straight_3,
          infiniplex_forest_straight_3, infiniplex_forest_end_2,
          corexii_hall_statues_l
D:4:      layout_rooms, mainiacjoe_overflow_six_doors_small, grunt_ministairs_4
D:5:      layout_basic, minmay_temple_entry_mini_moons, serial_shops,
          shop_coins, nicolae_shop_crystal, shop,
          nicolae_shop_temple_entry_statues_fountains, nicolae_diamond_shop,
          st_stairs_10
D:6:      layout_basic, trog_butcher_becter, lemuel_round_altar, serial_curves,
          eino_curves_02, eino_curves_03

Skill      XL: |  1  2  3  4  5  6  7  8 |
---------------+-------------------------+-----
Invocations    | 1 2 3 |  3.5
Long Blades    | 1 2 3 |  3.2
Axes           | 1 2 3 |  3.2
Maces & Flails | 1 2 3 |  3.2
Polearms       | 1 2 3 |  3.2
Staves         | 1 2 3 |  3.2
Slings         | 1 2 3 |  3.2
Bows           | 1 2 3 |  3.2
Crossbows      | 1 2 3 |  3.2
Dodging        | 1 2 3 |  3.2
Stealth        | 1 2 3 |  3.2
Unarmed Combat | 1 2 3 |  3.2
Spellcasting   | 1 2 3 |  3.2
Evocations     | 1 2 3 |  3.2
Throwing       | 3 4 |  4.1
Shields        | 3 4 |  4.1
Conjurations   | 1 2 |  2.6
Hexes          | 1 2 |  2.6
Summonings     | 1 2 |  2.6
Necromancy     | 1 2 |  2.6
Translocations | 1 2 |  2.6
Transmutations | 1 2 |  2.6
Fire Magic     | 1 2 |  2.6
Ice Magic      | 1 2 |  2.6
Air Magic      | 1 2 |  2.6
Earth Magic    | 1 2 |  2.6
Poison Magic   | 1 2 |  2.6
Fighting       | 5 |  5.6
Short Blades   | 5 |  5.6
Armour         | 9 |  9.1

Action                   |  1- 3 |  4- 6 |  7- 9 || total
-------------------------+-------+-------+-------++-------
Melee: Short sword       |   102 |   104 |       ||   206
       Bite              |     7 |    10 |    11 ||    28
       Hand axe          |       |    15 |    78 ||    93
       Punch             |       |     2 |       ||     2
  Use: Scroll            |       |       |    14 ||    14
       Potion            |       |       |     2 ||     2
Armor: Scale mail        |    64 |    54 |    39 ||   157
       Crystal plate arm |       |       |    76 ||    76
Dodge: Dodged            |    54 |    41 |    30 ||   125
